[Event "Titled Tuesday Blitz May 9 Late 2023"]
[White "Ozdemir, Serhan Berat"]
[Black "Pakleza, Zbigniew"]
[WhiteFideId "6374611"]
[BlackFideId "1119290"]
[WhiteElo "2015"]
[BlackElo "2410"]
[Result "1-0"]
[Round "04"]
[TimeControl "180+2"]
[Date "2023.05.09"]
[WhiteClock "0:00:06"]
[BlackClock "0:00:00"]

1. e4 d6 2. d4 Nf6 3. Nc3 c6 4. Nf3 Bg4 5. Be3 e6 6. Be2 d5 7. e5 Nfd7 8. Ng5 Bxe2 9. Qxe2 Be7 10. h4 h6 11. Nf3 c5 12. dxc5 Nc6 13. O-O-O Nxc5 14. Kb1 Qa5 15. Nb5 O-O-O 16. a3 Ne4 17. Nfd4 a6 18. Nxc6 bxc6 19. Nd4 c5 20. Nb3 Qb6 21. Rh3 d4 22. Bc1 c4 23. Qxe4 cxb3 24. Rxb3 Qc7 25. Qa8+ Kd7 26. Rxd4+ Ke8 27. Rxd8+ Bxd8 28. Qxa6 Qxe5 29. g3 Qd5 30. Qb5+ Qxb5 31. Rxb5 Kd7 32. Be3 Kc6 33. a4 Bc7 34. Rc5+ Kd7 35. b4 Ra8 36. a5 Bd6 37. Rb5 Kc6 38. Rb6+ Kc7 39. c4 g5 40. hxg5 hxg5 41. Bxg5 Rh8 42. Be3 Rh1+ 43. Kc2 Ra1 44. c5 Be5 45. a6 Ra3 46. Rb7+ Kc6 47. b5+ Kd5 48. c6 Rc3+ 49. Kd2 Ke4 50. a7 Rd3+ 51. Ke2 Ra3 52. f3+ Kd5 53. Rb8 Ra2+ 54. Kd3 Ra3+ 55. Ke2 Ra2+ 56. Bd2 Bc3 57. a8=Q Rxd2+ 58. Ke3 Rd1 59. Rd8+ Kc4 60. Rxd1 1-0


[Site "https://www.chess.com"]

[Event "Titled Tuesday Blitz May 9 Late 2023"]
[White "Kim, Sergey"]
[Black "Naroditsky, Daniel"]
[WhiteFideId "13700570"]
[BlackFideId "2026961"]
[WhiteElo "2606"]
[BlackElo "2633"]
[Result "1/2-1/2"]
[Round "04"]
[TimeControl "180+2"]
[Date "2023.05.09"]
[WhiteClock "0:00:09"]
[BlackClock "0:00:04"]

1. d4 Nf6 2. c4 g6 3. Nc3 Bg7 4. e4 d6 5. Nge2 O-O 6. Ng3 c6 7. Be2 a6 8. a4 a5 9. O-O Nbd7 10. Be3 e5 11. d5 Nc5 12. Ra3 h5 13. Bg5 Qb6 14. Qc2 Re8 15. h3 Nh7 16. Be3 h4 17. Nh1 f5 18. f3 Nf6 19. Nf2 Nh5 20. Bg5 Ng3 21. Rb1 fxe4 22. fxe4 Rf8 23. Bf3 Bf6 24. Be3 Qd8 25. Qd2 Qe7 26. Rd1 Rd8 27. Nd3 Nxd3 28. Qxd3 c5 29. Qd2 Bd7 30. Ne2 Rf8 31. Nxg3 hxg3 32. Rf1 Bh4 33. Bh6 Rf7 34. Be3 b6 35. Rb3 Rb8 36. Ra3 g5 37. Raa1 Rbf8 38. Qe2 Rf6 39. b3 Qf7 40. Bh5 Qg7 41. Rxf6 Rxf6 42. Rf1 Kh7 43. Rxf6 Qxf6 44. Bg4 Be8 45. Bf5+ Kg7 46. Qg4 Qh6 47. Qe2 Bh5 48. Bg4 Bg6 49. Qf3 Bh7 50. Bf5 Bg8 51. Qg4 Qf6 52. Qf3 Bf7 53. Bg4 Qh6 54. Qf5 Qg6 55. Qd7 Qf6 56. Bf5 Kg8 57. Qc8+ Kg7 58. Qd7 Kg8 59. Qc8+ Kg7 60. Qd7 1/2-1/2


[Site "https://www.chess.com"]

[Event "Titled Tuesday Blitz May 9 Late 2023"]
[White "Kleiman, Jake"]
[Black "Bluebaum, Matthias"]
[WhiteFideId "2020041"]
[BlackFideId "24651516"]
[WhiteElo "2602"]
[BlackElo "2639"]
[Result "0-1"]
[Round "04"]
[TimeControl "180+2"]
[Date "2023.05.09"]
[WhiteClock "0:00:09"]
[BlackClock "0:00:07"]

1. e4 e6 2. d4 d5 3. Nd2 c5 4. exd5 Qxd5 5. Ngf3 cxd4 6. Bc4 Qd6 7. O-O Nf6 8. Nb3 Nc6 9. Nbxd4 Nxd4 10. Nxd4 Be7 11. Bb3 O-O 12. c3 b6 13. Qf3 Ba6 14. Bf4 Qc5 15. Rfe1 Kh8 16. Be5 Rac8 17. Rad1 Rfd8 18. h3 Bc4 19. Bc2 Rd5 20. b4 Be2 21. Nxe2 Rxd1 22. bxc5 Rxe1+ 23. Kh2 bxc5 24. c4 Rd8 25. Bc3 Rf1 26. g3 e5 27. Kg2 e4 28. Qe3 Rfd1 29. Bxd1 Rxd1 30. Bxf6 Bxf6 31. Qxe4 g6 32. h4 Kg7 33. h5 Rd2 34. h6+ Kxh6 35. a4 Kg7 36. a5 Ra2 37. Kf3 Rxa5 38. Qd5 Ra3+ 39. Kg2 Ra2 40. Nf4 Bd4 41. Nd3 Rd2 42. Qe4 a5 43. Kf1 a4 44. Ke1 a3 45. Kxd2 a2 46. Nxc5 a1=Q 47. Nd3 Qc3+ 48. Ke2 Qxc4 49. Kf3 Qc3 50. Kg2 Bf6 51. Nf4 Qb2 52. Nd5 Bd4 53. Qf3 Qd2 54. Nf4 h5 55. Nd5 Bxf2 56. Qf6+ Kh6 57. Qxf7 Bc5+ 58. Kh3 Qc1 59. Qf4+ Qxf4 60. Nxf4 Bd6 61. Nxg6 Kxg6 62. Kg2 Kg5 63. Kh1 Kg4 64. Kg1 Be5 65. Kh1 h4 66. Kg1 hxg3 67. Kh1 Kh3 68. Kg1 Bd4+ 0-1


[Site "https://www.chess.com"]

[Event "Titled Tuesday Blitz May 9 Late 2023"]
[White "Tari, Aryan"]
[Black "cryptoguru02"]
[WhiteFideId "1510045"]
[WhiteElo "2571"]
[BlackElo "2584"]
[Result "1-0"]
[Round "04"]
[TimeControl "180+2"]
[Date "2023.05.09"]
[WhiteClock "0:00:27"]
[BlackClock "0:00:00"]

1. d4 d5 2. Nf3 Nf6 3. Bf4 c5 4. e3 Nc6 5. Nbd2 cxd4 6. exd4 Bg4 7. c3 e6 8. Qb3 Qb6 9. Qxb6 axb6 10. Bb5 Nd7 11. h3 Bxf3 12. Nxf3 Be7 13. h4 h6 14. h5 O-O 15. Ke2 Rfc8 16. Ne1 Bd8 17. Nd3 Bc7 18. Be3 Bd6 19. g4 Rc7 20. g5 hxg5 21. Bxg5 f6 22. Be3 Kf7 23. Rag1 Rh8 24. Nf4 Ne7 25. Ng6 Rh7 26. Bd3 f5 27. Bf4 Bxf4 28. Nxf4 Nf6 29. f3 Nc6 30. Kf2 Rc8 31. Re1 Re8 32. Re2 Nd8 33. Ng6 Rxh5 34. Ne5+ Ke7 35. Rg1 g5 36. Kg2 Rg8 37. Rge1 Kd6 38. Nf7+ Nxf7 39. Rxe6+ Kd7 40. Rxf6 Nd6 41. Bxf5+ Kc7 42. Re7+ Kd8 43. Rd7+ Ke8 44. Rfxd6 1-0


[Site "https://www.chess.com"]

[Event "Titled Tuesday Blitz May 9 Late 2023"]
[White "Chigaev, Maksim"]
[Black "Nikologorskiy, Konstantin"]
[WhiteFideId "4108116"]
[BlackFideId "24111708"]
[WhiteElo "2558"]
[BlackElo "2273"]
[Result "1-0"]
[Round "04"]
[TimeControl "180+2"]
[Date "2023.05.09"]
[WhiteClock "0:01:16"]
[BlackClock "0:01:08"]

1. Nf3 d5 2. c4 dxc4 3. e3 Be6 4. Na3 Nf6 5. Nxc4 g6 6. b3 Bg7 7. Bb2 O-O 8. Be2 Nbd7 9. O-O c5 10. d4 cxd4 11. Nxd4 Bd5 12. Rc1 Nb6 13. Na5 Rc8 14. Qd2 Ne4 15. Qb4 Qd6 16. Ba3 Qxb4 17. Bxb4 Bf6 18. f3 Nd6 19. Rfd1 Rxc1 20. Rxc1 Bxd4 21. exd4 Nf5 22. Bf1 Rc8 23. Rxc8+ Nxc8 24. Bc3 Ncd6 25. Kf2 Nb5 26. Bxb5 b6 27. Nc4 Bb7 28. Ne3 Nd6 29. Bd3 1-0


[Site "https://www.chess.com"]

[Event "Titled Tuesday Blitz May 9 Late 2023"]
[White "Mortazavi, Ali"]
[Black "Pichot, Alan"]
[WhiteFideId "401323"]
[BlackFideId "110973"]
[WhiteElo "2339"]
[BlackElo "2573"]
[Result "1-0"]
[Round "04"]
[TimeControl "180+2"]
[Date "2023.05.09"]
[WhiteClock "0:00:05"]
[BlackClock "0:00:04"]

1. Nf3 Nf6 2. g3 d5 3. Bg2 c6 4. O-O Bg4 5. d3 e6 6. c4 Nbd7 7. Be3 Bd6 8. Qb3 Qc7 9. Nc3 O-O 10. cxd5 exd5 11. Rac1 Qb8 12. Na4 Re8 13. Rfe1 Qc7 14. Nc3 Qb8 15. Na4 h6 16. Rc2 a5 17. a3 Rxe3 18. fxe3 Qa7 19. Nd4 Re8 20. Nf3 Qxe3+ 21. Kh1 Ne5 22. Nxe5 Rxe5 23. Qb6 Qxb6 24. Nxb6 Bf5 25. Rcc1 Ng4 26. Bf3 Ne3 27. d4 Re7 28. Kg1 g5 29. Kf2 g4 30. Bh1 h5 31. Rc3 Nc2 32. Rxc2 Bxc2 33. Nc8 Re6 34. Rc1 Bf5 35. Nxd6 Rxd6 36. Rc5 Rf6 37. Ke3 b6 38. Rc3 Bd7 39. b4 axb4 40. axb4 Rf1 41. Bg2 Rg1 42. Kf2 Rb1 43. Re3 Be6 44. Re5 Rxb4 45. Ke3 Rb3+ 46. Kf4 Kf8 47. Rxh5 Rb2 48. Re5 Ke7 49. h4 gxh3 50. Bxh3 Kf6 51. Bxe6 fxe6 52. g4 c5 53. g5+ Kf7 54. e3 c4 55. g6+ Kf6 56. Rg5 Rf2+ 57. Kg3 Kxg5 58. g7 Rf6 59. g8=Q+ Rg6 60. Qd8+ Kh6+ 61. Kf4 b5 62. Qh8# 1-0


[Site "https://www.chess.com"]

[Event "Titled Tuesday Blitz May 9 Late 2023"]
[White "Bachmann, Axel"]
[Black "Komov, Roman"]
[WhiteFideId "3700488"]
[BlackFideId "24175714"]
[WhiteElo "2605"]
[BlackElo "2189"]
[Result "1-0"]
[Round "04"]
[TimeControl "180+2"]
[Date "2023.05.09"]
[WhiteClock "0:01:55"]
[BlackClock "0:01:49"]

1. Nf3 Nf6 2. c4 c5 3. Nc3 Nc6 4. g3 b6 5. d4 cxd4 6. Nxd4 Nxd4 7. Qxd4 Bb7 8. e4 d6 9. Bg2 g6 10. O-O Bg7 11. Be3 O-O 12. Qd2 Rc8 13. e5 Bxg2 14. exf6 Bxf1 15. fxg7 Kxg7 16. Bh6+ Kg8 17. Bxf8 Bxc4 18. Bh6 Ba6 19. Re1 Bb7 20. Nd5 e6 21. Bg5 Qxg5 22. Qxg5 Bxd5 23. Rc1 Rxc1+ 24. Qxc1 Bxa2 25. Qc8+ Kg7 26. Qc7 b5 27. Qxd6 Bd5 28. Qa6 b4 29. Qxa7 b3 30. Qd4+ f6 31. f4 h6 32. Qa7+ Kg8 33. Qe7 1-0


[Site "https://www.chess.com"]

[Event "Titled Tuesday Blitz May 9 Late 2023"]
[White "Vlassov, Nikolai"]
[Black "Grigoriants, Sergey"]
[WhiteFideId "4103360"]
[BlackFideId "4130804"]
[WhiteElo "2324"]
[BlackElo "2502"]
[Result "1/2-1/2"]
[Round "04"]
[TimeControl "180+2"]
[Date "2023.05.09"]
[WhiteClock "0:00:44"]
[BlackClock "0:00:17"]

1. e4 c6 2. d4 d5 3. e5 Bf5 4. Nc3 e6 5. g4 Bg6 6. Nge2 c5 7. Be3 cxd4 8. Nxd4 Bb4 9. Bg2 Ne7 10. f4 h5 11. f5 exf5 12. gxf5 Nxf5 13. Nxf5 Bxc3+ 14. bxc3 Bxf5 15. Qxd5 Nc6 16. O-O Qxd5 17. Bxd5 Be6 18. Bxc6+ bxc6 19. Bc5 Rh6 20. Rfb1 O-O-O 21. Bd6 Bd5 22. Rb8+ Kd7 23. Rb7+ Ke6 24. Rf1 Rg6+ 25. Kf2 Rd7 26. Rb8 Rxd6 27. exd6 Kxd6 28. Ke3 Bxa2 29. Ra8 Bd5 30. Rxa7 Rg4 31. Rf4 Rg2 32. c4 Be6 33. Rf2 Rg4 34. Rf4 Rg2 35. Rf2 Rg4 36. Rf4 Rg2 1/2-1/2


[Site "https://www.chess.com"]

[Event "Titled Tuesday Blitz May 9 Late 2023"]
[White "Rodshtein, Maxim"]
[Black "Hnydiuk, Aleksander"]
[WhiteFideId "2806851"]
[BlackFideId "1109057"]
[WhiteElo "2555"]
[BlackElo "2374"]
[Result "1-0"]
[Round "04"]
[TimeControl "180+2"]
[Date "2023.05.09"]
[WhiteClock "0:01:56"]
[BlackClock "0:00:04"]

1. e4 Nf6 2. e5 Nd5 3. d4 d6 4. Nf3 dxe5 5. Nxe5 c6 6. Be2 Bf5 7. O-O Nd7 8. c4 N5f6 9. Nf3 e6 10. Nc3 Bd6 11. Nh4 Bg6 12. Be3 O-O 13. Qb3 Qc7 14. g3 Rfe8 15. Nxg6 hxg6 16. Rad1 e5 17. c5 Bf8 18. Bc4 Re7 19. d5 cxd5 20. Nxd5 Nxd5 21. Rxd5 Nf6 22. Rd6 Ng4 23. Rxg6 Nxe3 24. Qxe3 Rd7 25. Rg5 Bxc5 26. Qxe5 Bxf2+ 27. Rxf2 Rd1+ 28. Bf1 1-0


[Site "https://www.chess.com"]

[Event "Titled Tuesday Blitz May 9 Late 2023"]
[White "tufferguy"]
[Black "Ohanyan, Emin"]
[BlackFideId "13312022"]
[WhiteElo "2572"]
[BlackElo "2411"]
[Result "0-1"]
[Round "04"]
[TimeControl "180+2"]
[Date "2023.05.09"]
[WhiteClock "0:00:00"]
[BlackClock "0:00:12"]

1. d4 d5 2. Nc3 Nf6 3. Bf4 a6 4. e3 e6 5. Nf3 c5 6. Be2 Nc6 7. O-O Bd6 8. Ne5 Qc7 9. Nxc6 Bxf4 10. exf4 bxc6 11. g3 cxd4 12. Qxd4 c5 13. Qd2 d4 14. Na4 Bb7 15. f3 O-O 16. c3 Rfd8 17. Rac1 d3 18. Bd1 c4 19. b4 Nd5 20. Nc5 a5 21. a3 axb4 22. axb4 Ra3 23. Ba4 Bc6 24. Bxc6 Qxc6 25. Rfe1 Rda8 26. Qf2 Ra2 27. Qd4 d2 28. f5 Rc2 29. Rcd1 dxe1=Q+ 30. Rxe1 Raa2 31. fxe6 Rg2+ 32. Kf1 Raf2+ 33. Qxf2 Rxf2+ 34. Kxf2 fxe6 35. Rxe6 Qc8 36. Rd6 Nxc3 37. Ne6 Kf7 38. Rc6 Qb8 39. Ng5+ Ke7 40. Rxc4 Qe5 41. Ne4 Nd5 42. Rc2 Nxb4 43. Re2 Nd3+ 44. Kg2 Kf8 45. Rd2 Nc5 46. Nxc5 Qxc5 47. Re2 Kf7 48. Re4 h6 49. h4 Qc2+ 50. Kg1 Qd1+ 51. Kg2 Kf6 52. Rf4+ Ke5 53. Re4+ Kd5 54. Kf2 Qd2+ 55. Kf1 Kd6 56. Kg1 Kd5 57. Kf1 Qh2 58. Rg4 g5 59. hxg5 h5 60. g6 hxg4 61. g7 Qh7 62. f4 Ke4 63. Ke2 Qh2+ 0-1


[Site "https://www.chess.com"]

[Event "Titled Tuesday Blitz May 9 Late 2023"]
[White "Bruedigam, Martin"]
[Black "Riehle, Marco"]
[WhiteFideId "24608033"]
[BlackFideId "12904392"]
[WhiteElo "2331"]
[BlackElo "2462"]
[Result "0-1"]
[Round "04"]
[TimeControl "180+2"]
[Date "2023.05.09"]
[WhiteClock "0:00:06"]
[BlackClock "0:00:48"]

1. d4 d5 2. c4 e6 3. Nc3 c5 4. cxd5 cxd4 5. Qa4+ Bd7 6. Qxd4 exd5 7. Qxd5 Nf6 8. Qd1 Nc6 9. Nf3 Bc5 10. e3 Qe7 11. Be2 O-O-O 12. Qb3 Kb8 13. Bd2 g5 14. O-O-O g4 15. Ne1 Bf5 16. Nc2 Rd7 17. Qa4 Rc8 18. Qf4+ Qe5 19. Qxe5+ Nxe5 20. e4 Nxe4 21. Bf4 Rxd1+ 22. Rxd1 f6 23. Ne3 Bxe3+ 24. fxe3 Nxc3 25. bxc3 Rxc3+ 26. Kd2 Rc2+ 27. Ke1 Kc7 28. a4 Be6 29. Rd4 h5 30. Re4 Kd6 31. Rd4+ Ke7 32. Re4 Bd5 33. Rb4 Bxg2 34. e4 b6 35. a5 Bf3 36. Ba6 Nc6 37. Rb5 Be2 38. Rxh5 Bxa6 39. axb6 axb6 0-1


[Site "https://www.chess.com"]

[Event "Titled Tuesday Blitz May 9 Late 2023"]
[White "Atanasov, Anthony"]
[Black "Sattarov, Bobir"]
[WhiteFideId "2623897"]
[BlackFideId "14203081"]
[WhiteElo "2326"]
[BlackElo "2351"]
[Result "0-1"]
[Round "04"]
[TimeControl "180+2"]
[Date "2023.05.09"]
[WhiteClock "0:00:43"]
[BlackClock "0:01:00"]

1. d4 Nf6 2. Nf3 d5 3. c3 c5 4. dxc5 e6 5. b4 a5 6. e3 axb4 7. cxb4 b6 8. Bb5+ Bd7 9. Bxd7+ Nfxd7 10. cxb6 Bxb4+ 11. Bd2 Qxb6 12. O-O O-O 13. Bxb4 Qxb4 14. Nbd2 Nc6 15. Qc2 Ra6 16. Rfb1 Qd6 17. a4 Rfa8 18. Qd3 Nc5 19. Qc2 h6 20. Rc1 Nd7 21. e4 Nb4 22. Qc7 Qxc7 23. Rxc7 Nf6 24. Ne5 Rxa4 25. Rxa4 Rxa4 26. exd5 Ra1+ 27. Nf1 exd5 28. Rc8+ Kh7 29. Nxf7 Ne4 30. Rh8+ Kg6 31. Ne5+ Kf6 32. Nf3 Nd3 33. Rf8+ Ke7 34. Rg8 g5 35. Rg7+ Kf8 36. Rg6 Nf4 0-1


[Site "https://www.chess.com"]

[Event "Titled Tuesday Blitz May 9 Late 2023"]
[White "Kravtsiv, Martyn"]
[Black "Paszewski, Mateusz"]
[WhiteFideId "14113147"]
[BlackFideId "1141058"]
[WhiteElo "2695"]
[BlackElo "2223"]
[Result "1-0"]
[Round "04"]
[TimeControl "180+2"]
[Date "2023.05.09"]
[WhiteClock "0:02:10"]
[BlackClock "0:00:35"]

1. e4 c5 2. Nf3 d6 3. Bb5+ Nd7 4. d4 cxd4 5. Qxd4 a6 6. Bxd7+ Bxd7 7. O-O e5 8. Qd3 Rc8 9. c4 b5 10. Na3 Qb6 11. cxb5 axb5 12. Bd2 Nf6 13. Bb4 Be7 14. Rac1 O-O 15. Nxe5 dxe5 16. Bxe7 Rxc1 17. Rxc1 Rc8 18. Rxc8+ Bxc8 19. Bxf6 gxf6 20. Nxb5 Ba6 21. a4 Qa5 22. h3 Qxa4 23. Qd8+ Kg7 24. Nd6 Qd1+ 25. Kh2 Qc1 26. Nf5+ Kg6 27. Qg8+ Kh5 1-0


[Site "https://www.chess.com"]

[Event "Titled Tuesday Blitz May 9 Late 2023"]
[White "Remizov, Yaroslav"]
[Black "Erzhanov, Arman"]
[WhiteFideId "34134015"]
[BlackFideId "4138821"]
[WhiteElo "2400"]
[BlackElo "2138"]
[Result "1-0"]
[Round "04"]
[TimeControl "180+2"]
[Date "2023.05.09"]
[WhiteClock "0:00:53"]
[BlackClock "0:00:00"]

1. e4 d6 2. d4 Nf6 3. Nc3 c6 4. Nf3 Bg4 5. h3 Bxf3 6. Qxf3 e6 7. g4 d5 8. g5 Nxe4 9. Nxe4 dxe4 10. Qxe4 Qd5 11. Bg2 Qxe4+ 12. Bxe4 Nd7 13. c3 Bd6 14. Be3 Nb6 15. Ke2 Nd5 16. Bd2 Rd8 17. h4 Nf4+ 18. Kf3 Nd5 19. h5 Ke7 20. h6 g6 21. c4 Nb4 22. Bc3 Na6 23. d5 e5 24. dxc6 bxc6 25. Bxc6 Rhf8 26. Rad1 f6 27. gxf6+ Rxf6+ 28. Kg2 Rdf8 29. f3 Nc5 30. Rhe1 Rf5 31. b4 Ne6 32. c5 Bc7 33. Rd7+ Kf6 34. Rxh7 Nf4+ 35. Kf1 Bb8 36. Rd1 Rh5 37. Rdd7 Rh1+ 38. Kf2 Rh2+ 39. Ke1 Rxa2 40. Bd2 Ng2+ 41. Kd1 e4 42. fxe4 Ra1+ 43. Kc2 Ra2+ 44. Kb3 Rxd2 45. Rxd2 Nf4 46. Rb7 Kg5 47. h7 Rh8 48. Bd5 Be5 49. Rxa7 Kh6 50. c6 Rxh7 51. Rxh7+ Kxh7 52. b5 Bc7 53. Ra2 Kh6 54. Ra7 Bb6 55. c7 Bxa7 56. c8=Q 1-0


[Site "https://www.chess.com"]

[Event "Titled Tuesday Blitz May 9 Late 2023"]
[White "brm72"]
[Black "Fernandez Guillen, Ernesto J."]
[BlackFideId "3512428"]
[WhiteElo "2554"]
[BlackElo "2429"]
[Result "0-1"]
[Round "04"]
[TimeControl "180+2"]
[Date "2023.05.09"]
[WhiteClock "0:00:11"]
[BlackClock "0:00:14"]

1. e4 e5 2. Nf3 Nc6 3. d4 exd4 4. Nxd4 g6 5. Nc3 Bg7 6. Be3 Nge7 7. Qd2 O-O 8. O-O-O d5 9. exd5 Nxd5 10. Nxc6 bxc6 11. Nxd5 cxd5 12. Qxd5 Qf6 13. Bd4 Qf4+ 14. Be3 Qf6 15. Bd4 Qf4+ 16. Be3 Qb4 17. Qb3 Qe7 18. Bc4 Bf5 19. Bd4 Rab8 20. Qg3 Qe4 21. Qc3 Bxd4 22. Rxd4 Qxg2 23. Rhd1 Qxf2 24. h4 h5 25. Kb1 Rbe8 26. Bb3 Bg4 27. Rc1 Re7 28. a3 Rfe8 29. Ra4 Re1 30. Rxe1 Rxe1+ 31. Ka2 Qg1 32. Bc4 Re3 33. Qf6 Be6 34. Rb4 Bxc4+ 35. Rxc4 Re6 36. Qd8+ Kg7 37. Qxc7 Rf6 38. Qc5 Qxc5 39. Rxc5 Rf4 40. Ra5 Rxh4 41. Rxa7 Rc4 42. c3 h4 43. Kb3 Rg4 44. Rd7 h3 45. Rd3 Rh4 46. Rd1 h2 47. Rh1 g5 48. a4 g4 49. a5 g3 50. a6 Rh6 51. a7 Ra6 52. Kc4 Rxa7 53. b4 Re7 54. Kc5 g2 55. c4 0-1


[Site "https://www.chess.com"]

[Event "Titled Tuesday Blitz May 9 Late 2023"]
[White "Holt, Conrad"]
[Black "Danielyan, Vahe"]
[WhiteFideId "2034387"]
[BlackFideId "13304828"]
[WhiteElo "2592"]
[BlackElo "2423"]
[Result "1-0"]
[Round "04"]
[TimeControl "180+2"]
[Date "2023.05.09"]
[WhiteClock "0:01:29"]
[BlackClock "0:01:12"]

1. d4 g6 2. c4 Bg7 3. Nf3 b6 4. e4 Bb7 5. Nc3 d6 6. Bd3 Nd7 7. O-O e5 8. Bg5 f6 9. Be3 Ne7 10. Qb3 c5 11. dxe5 fxe5 12. Ng5 Nf8 13. f4 h6 14. Nf3 exf4 15. Bxf4 Ne6 16. Bg3 O-O 17. Nd5 Bxd5 18. exd5 Nd4 19. Nxd4 Bxd4+ 20. Kh1 Qd7 21. h3 Rxf1+ 22. Rxf1 Rf8 23. Re1 Nf5 24. Bxf5 Rxf5 25. Qd3 Kg7 26. b3 h5 27. Kh2 Be5 28. Bxe5+ dxe5 29. d6 Rf6 30. Rd1 Re6 31. Qd5 e4 32. Qxe6 Qxe6 33. d7 Qe5+ 34. Kh1 1-0


[Site "https://www.chess.com"]

[Event "Titled Tuesday Blitz May 9 Late 2023"]
[White "Tanenbaum, Zachary"]
[Black "Defend1r"]
[WhiteFideId "2060850"]
[WhiteElo "2175"]
[BlackElo "2545"]
[Result "0-1"]
[Round "04"]
[TimeControl "180+2"]
[Date "2023.05.09"]
[WhiteClock "0:00:01"]
[BlackClock "0:00:21"]

1. e4 c5 2. Nf3 d6 3. d4 cxd4 4. Nxd4 Nf6 5. Nc3 a6 6. Be3 e5 7. Nb3 Be7 8. h3 Be6 9. f4 Qc7 10. Qe2 b5 11. O-O-O Nc6 12. Kb1 O-O 13. f5 Bc4 14. Qf3 Rfb8 15. g4 Bxf1 16. Rhxf1 b4 17. Nd5 Nxd5 18. exd5 Na7 19. g5 Nb5 20. f6 Bf8 21. h4 a5 22. h5 a4 23. Nd2 Nc3+ 24. bxc3 bxc3+ 25. Ka1 cxd2 26. Bc5 e4 27. Qg3 Qxc5 28. g6 Qxc2 29. gxf7+ Kh8 30. fxg7+ Bxg7+ 31. Qxg7+ Kxg7 32. f8=Q+ Rxf8 33. h6+ Kh8 0-1


[Site "https://www.chess.com"]

[Event "Titled Tuesday Blitz May 9 Late 2023"]
[White "Garcia Cuenca, Victor"]
[Black "Milikow, Yoav"]
[WhiteFideId "2250829"]
[BlackFideId "2822237"]
[WhiteElo "2329"]
[BlackElo "2410"]
[Result "0-1"]
[Round "04"]
[TimeControl "180+2"]
[Date "2023.05.09"]
[WhiteClock "0:00:00"]
[BlackClock "0:00:09"]

1. Nf3 d5 2. g3 g6 3. Bg2 Bg7 4. O-O e5 5. d3 Ne7 6. e4 d4 7. Nbd2 O-O 8. Nc4 Nbc6 9. a4 a5 10. Ne1 Be6 11. b3 Qd7 12. f4 f6 13. Nf3 h6 14. Bd2 b6 15. Qe2 Rae8 16. Nh4 Bg4 17. Bf3 Bh3 18. Bg2 Bg4 19. Bf3 Be6 20. f5 Bxc4 21. dxc4 g5 22. Ng2 Rd8 23. Ne1 Nb4 24. Bxb4 axb4 25. Nd3 Qd6 26. a5 Ra8 27. axb6 Qxb6 28. c5 Qb5 29. Qd2 Nc6 30. Be2 Qb7 31. Nb2 Rxa1 32. Rxa1 Ra8 33. Rxa8+ Qxa8 34. Bc4+ Kh7 35. Nd3 Qa1+ 36. Kg2 Qc3 37. Qe2 Ne7 38. c6 g4 39. h3 Nxc6 40. hxg4 Na5 41. Bf7 Nb7 42. g5 Nd6 43. Bd5 fxg5 44. Qh5 Qxc2+ 45. Kh3 Qxd3 46. Qg6+ Kh8 47. f6 Qf1+ 48. Kh2 Qf2+ 49. Kh3 Qxf6 50. Qh5 Kh7 51. Kg2 Qg6 52. Qg4 h5 53. Qd1 Nxe4 54. Qd3 Nf6 55. Bg8+ Nxg8 0-1


[Site "https://www.chess.com"]

[Event "Titled Tuesday Blitz May 9 Late 2023"]
[White "Sreyas Payyappat"]
[Black "Santos Ruiz, Miguel"]
[WhiteFideId "46674969"]
[BlackFideId "22291482"]
[WhiteElo "2043"]
[BlackElo "2499"]
[Result "0-1"]
[Round "04"]
[TimeControl "180+2"]
[Date "2023.05.09"]
[WhiteClock "0:00:03"]
[BlackClock "0:00:15"]

1. e4 c5 2. Nf3 d6 3. d4 cxd4 4. Nxd4 Nf6 5. Nc3 a6 6. h4 Qc7 7. Bg5 e6 8. Qd2 b5 9. f3 Nbd7 10. O-O-O Rb8 11. g4 b4 12. Na4 Ne5 13. f4 Nexg4 14. Bxf6 Nxf6 15. e5 Ne4 16. Qe3 d5 17. Bg2 Bd7 18. Bxe4 dxe4 19. b3 Bxa4 20. bxa4 Qc3 21. Qxc3 bxc3 22. Nb3 Ba3+ 23. Kb1 f5 24. Rh3 Ke7 25. Rxc3 Rhc8 26. Rg3 Kf7 27. h5 Rd8 28. Rdg1 Bf8 29. Kb2 Rd4 30. a5 Rd5 31. Kc1 Rb7 32. c4 Rc7 33. Rc3 Rd3 34. Kc2 Rxc3+ 35. Kxc3 g6 36. hxg6+ hxg6 37. Rh1 Kg8 38. Rd1 Bh6 39. c5 Bxf4 40. Rd8+ Kf7 41. Kd4 Ke7 42. Rg8 Rd7+ 43. Kc4 Kf7 44. Rh8 Bxe5 45. Rh7+ Bg7 46. c6 Rd3 47. c7 Rc3+ 48. Kb4 Rxc7 49. Nc5 Kg8 50. Rxg7+ Rxg7 51. Nxe6 Re7 52. Nc5 e3 53. Nd3 e2 54. Ne1 f4 55. Kc3 f3 0-1


[Site "https://www.chess.com"]

[Event "Titled Tuesday Blitz May 9 Late 2023"]
[White "Rorrer, Grayson"]
[Black "Karttunen, Mika"]
[WhiteFideId "30944996"]
[BlackFideId "502081"]
[WhiteElo "2200"]
[BlackElo "2396"]
[Result "0-1"]
[Round "04"]
[TimeControl "180+2"]
[Date "2023.05.09"]
[WhiteClock "0:00:00"]
[BlackClock "0:00:09"]

1. d4 Nf6 2. Nc3 d5 3. Bf4 e6 4. e3 Bd6 5. Nf3 Bxf4 6. exf4 b6 7. Bb5+ c6 8. Bd3 c5 9. O-O Nc6 10. Bb5 Bd7 11. Re1 Nxd4 12. Nxd4 cxd4 13. Bxd7+ Qxd7 14. Qxd4 O-O 15. Rad1 Rac8 16. Re2 Rfd8 17. g3 h6 18. Red2 Qc6 19. f3 Re8 20. Ne2 Qc7 21. Qf2 Qc4 22. a3 Qb5 23. c3 e5 24. fxe5 Rxe5 25. Nd4 Qd7 26. Kg2 Rce8 27. Re2 Qe7 28. Rde1 Rxe2 29. Rxe2 Qd8 30. Rd2 Qd7 31. Nc2 Re5 32. Nb4 Rh5 33. c4 Qh3+ 34. Kh1 dxc4 35. Rd8+ Kh7 36. g4 Re5 37. Rd1 a5 38. Nc6 Re8 39. Nd4 h5 40. g5 Nd5 41. Rg1 Nf4 42. Qc2+ g6 0-1


[Site "https://www.chess.com"]

[Event "Titled Tuesday Blitz May 9 Late 2023"]
[White "Kavutskiy, Konstantin"]
[Black "Yanchenko, Roman"]
[WhiteFideId "2026384"]
[BlackFideId "4137329"]
[WhiteElo "2323"]
[BlackElo "2491"]
[Result "0-1"]
[Round "04"]
[TimeControl "180+2"]
[Date "2023.05.09"]
[WhiteClock "0:00:00"]
[BlackClock "0:00:31"]

1. d4 d5 2. c4 c6 3. Nf3 Nf6 4. e3 Bf5 5. Nc3 e6 6. Nh4 Be4 7. f3 Bg6 8. Qb3 Qb6 9. Nxg6 hxg6 10. Bd2 Nbd7 11. O-O-O Bd6 12. Qc2 Qa5 13. Nb5 Bb4 14. Bxb4 Qxb4 15. Nc7+ Ke7 16. Nxa8 Rxa8 17. Qb3 a5 18. Kc2 Qd6 19. g3 dxc4 20. Bxc4 b5 21. Be2 Nd5 22. Kb1 a4 23. Qd3 a3 24. b3 b4 25. Ka1 c5 26. Rc1 cxd4 27. Qxd4 Nc3 28. Qxd6+ Kxd6 29. Bc4 Ne5 30. f4 Nxc4 31. bxc4 Kc5 32. h4 Rd8 33. Rh2 Kxc4 34. Re1 f5 35. Reh1 Rd3 36. Re1 Kd5 37. Rg2 Ke4 38. Rh2 Kf3 39. Rc2 Kxg3 40. Rg1+ Kf3 41. Re1 Rd8 42. Rh2 Rd6 43. Rh3+ Ke4 44. Rhh1 Rd2 0-1


[Site "https://www.chess.com"]

[Event "Titled Tuesday Blitz May 9 Late 2023"]
[White "Matlakov, Maxim"]
[Black "Ismagilov, Damir"]
[WhiteFideId "4168003"]
[BlackFideId "34199982"]
[WhiteElo "2666"]
[BlackElo "2143"]
[Result "1-0"]
[Round "04"]
[TimeControl "180+2"]
[Date "2023.05.09"]
[WhiteClock "0:02:05"]
[BlackClock "0:00:10"]

1. b3 d5 2. Bb2 Nf6 3. d3 c5 4. Nd2 Nc6 5. Ngf3 g6 6. e4 dxe4 7. dxe4 Bg7 8. Bb5 Bd7 9. Qe2 O-O 10. O-O-O Qa5 11. a3 Nd4 12. Nxd4 cxd4 13. Bxd7 Nxd7 14. Nc4 Qa6 15. Bxd4 Bxd4 16. Rxd4 Ne5 17. Kb2 Rac8 18. Rhd1 Nxc4+ 19. Rxc4 Rxc4 20. Qxc4 Qf6+ 21. Qd4 Qg5 22. g3 Qg4 23. Rd2 Qh3 24. f4 Qf1 25. Qxa7 Qe1 26. Qd4 Rc8 27. a4 b5 28. a5 Qf1 29. Qd3 Qe1 30. a6 Ra8 31. Rd1 Qa5 32. Ra1 Qb6 33. Qc3 b4 34. Qc4 Ra7 35. Ra4 h5 36. Rxb4 Qxa6 37. Qxa6 Rxa6 38. Rb7 Kf8 39. b4 Rd6 40. b5 f6 41. b6 g5 42. fxg5 fxg5 43. c4 h4 44. gxh4 gxh4 45. c5 Rd2+ 46. Kc3 Rxh2 47. c6 Rh1 48. c7 Kf7 49. Kb2 Rh2+ 50. Kb3 Rh3+ 51. Kb4 Rh1 52. c8=Q Rb1+ 53. Ka3 Ra1+ 54. Kb2 Rc1 55. Kxc1 1-0


[Site "https://www.chess.com"]